 Seeded DCSS version 0.31-a0-496-g6f97920a28 (webtiles) character file.

Game seed: 7415222406553760909 (custom seed)

2188 innerfire43 the Ruffian (level 9, 0/68 HPs)
             Began as a Gnoll Shapeshifter on Aug 8, 2023.
             Was a Priest of Uskayaw.
             Slain by an orc warrior
             ... wielding a +0 trident
              (13 damage)
             ... in a bailey.
             The game lasted 00:11:45 (6074 turns).

innerfire43 the Ruffian (Gnoll Shapeshifter)        Turns: 6074, Time: 00:11:45

Health: 0/68       AC:  9    Str: 16    XL:     9   Next: 33%
Magic:  11/15      EV: 18    Int:  9    God:    Uskayaw [***...]
Gold:   337        SH:  0    Dex: 14    Spells: 11/16 levels left

rFire   + .          .
                       - Unarmed
rCold   + . .        (shield currently unavailable)
rNeg    . . .        E - +1 robe {rC+ rF+}
rPois   .            r - +0 helmet
rElec   .            o - +2 cloak
rCorr   .            n - +1 pair of gloves
SInv    .            (no boots)
Will    .....        a - amulet of faith
Stlth   +            e - ring of wizardry
HPRegen 0.31/turn    i - ring of wizardry
MPRegen 0.14/turn

%: faith, wizardry (x2)
@: flux-form, glowing
A: glow, contaminating, fangs 1, strong nose, distributed training
a: Begin Untransformation, Renounce Religion, Stomp, Line Pass


You were in a bailey.
You worshipped Uskayaw.
Uskayaw was noncommittal.
You were something dangerously unstable.
You visited 1 branch of the dungeon, and saw 7 of its levels.
You also visited: Bailey.

You collected 337 gold pieces.

Inventory:

Armour
 n - a +1 pair of gloves (worn)
 o - a +2 cloak (worn)
 r - a +0 helmet (worn)
 E - a +1 robe of resistance (worn)
 G - a +0 ring mail
Jewellery
 a - an amulet of faith (around neck)
 e - a ring of wizardry (left hand)
 g - a ring of positive energy
 i - a ring of wizardry (right hand)
 m - a ring of poison resistance
 I - an amulet of magic regeneration
 L - a ring of see invisible
Talismans
 c - a beast talisman
 d - a flux talisman (active)
 N - a blade talisman
Wands
 p - a wand of flame (9)
 D - a wand of polymorph (15)
 J - a wand of digging (1)
 K - a wand of acid (10)
Scrolls
 h - 4 scrolls of teleportation {unknown}
 j - 11 scrolls of identify {unknown}
 k - a scroll of poison {unknown}
 q - 5 scrolls of fog {unknown}
 s - 2 scrolls of fear {unknown}
 t - 3 scrolls of noise {unknown}
 x - 3 scrolls of vulnerability {unknown}
 y - 2 scrolls of blinking {unknown}
 B - a scroll of silence {unknown}
 C - a scroll of enchant armour {unknown}
 H - a scroll of immolation {unknown}
 M - a scroll of torment {unknown}
Potions
 b - 5 potions of lignification
 f - 2 potions of curing
 l - a potion of mutation {unknown}
 u - a potion of enlightenment {unknown}
 w - a potion of brilliance {unknown}
 z - 3 potions of might {unknown}
 A - 2 potions of cancellation {unknown}
 F - a potion of degeneration {unknown}


   Skills:
 + Level 5.0 Fighting
 + Level 4.2 Short Blades
 + Level 4.2 Long Blades
 + Level 4.2 Axes
 + Level 4.2 Maces & Flails
 + Level 4.2 Polearms
 + Level 4.2 Staves
 + Level 4.2 Ranged Weapons
 + Level 4.2 Throwing
 + Level 4.2 Armour
 + Level 6.3 Dodging
 + Level 4.2 Stealth
 + Level 4.2 Shields
 + Level 7.9 Unarmed Combat
 + Level 4.2 Spellcasting
 + Level 3.4 Conjurations
 + Level 3.4 Hexes
 + Level 3.4 Summonings
 + Level 3.4 Necromancy
 + Level 3.4 Translocations
 + Level 3.4 Transmutations
 + Level 3.4 Fire Magic
 + Level 3.4 Ice Magic
 + Level 3.4 Air Magic
 + Level 3.4 Earth Magic
 + Level 3.4 Poison Magic
 + Level 4.6 Invocations
 + Level 4.2 Evocations
 + Level 7.5 Shapeshifting


You had 11 spell levels left.
You knew the following spells:

 Your Spells              Type           Power      Damage    Failure   Level
a - Wereblood             Tmut           8%         N/A       2%          2
b - Vhi's Electric Charg  Tloc/Air       16%        N/A       5%          3

Your spell library contained the following spells:

 Spells                   Type           Power      Damage    Failure   Level
 Freeze                   Ice            32%        1d5       1%          1
 Frozen Ramparts          Ice            16%        1d3       5%          3
 Hailstorm                Conj/Ice       8%         3d4       5%          3
 Arcjolt                  Conj/Air       4%         1d14      41%         5
 Irradiate                Conj/Tmut      4%         3d13      41%         5
 Plasma Beam              Fire/Air       4%         2x1d14    90%         6


Dungeon Overview and Level Annotations

Branches:
Dungeon (7/15)             Temple (0/1) D:6          Bailey (1/1)

Altars:
Dithmenos
Nemelex Xobeh
Qazlal
Uskayaw
Yredelemnul
The Shining One

Shops:
D:1 ?   D:4 (


Innate Abilities, Weirdness & Mutations

You are something dangerously unstable.
You glow with magical radiation, making you easy to see and hit.
Foes you strike become dangerously contaminated with magical radiation.
You are incapable of wielding weapons or throwing items.
You have very sharp teeth.
Your uncanny sense of smell can sniff out nearby items.
Your experience applies equally to all skills.


Message History

Unknown command.
It was a potion of heal wounds.
You feel much better.
Your primal bloodlust has ended.
The orc warrior hits you but does no damage.
The orc hits you but does no damage. The orc warrior misses you.
You punch the orc warrior!
The orc warrior glows dangerously bright.
Your bite misses the orc warrior.
The orc warrior is heavily wounded.
The orc warrior hits you but does no damage.
The orc completely misses you. The orc warrior closely misses you.
You hit the orc warrior.
The orc warrior shudders as magic cascades through it.
The orc warrior twists and deforms.
The orc warrior is severely wounded.
The orc warrior barely misses you.
The orc splashes around in the water.
The orc warrior hits you with a +0 trident.
You punch the orc warrior!
The orc warrior begins to glow.
The orc warrior is almost dead.
The orc warrior hits you but does no damage.
The orc closely misses you.
Uskayaw will force your foes to helplessly watch your dance.
Uskayaw prepares the audience for your solo!
Your unstable footing causes you to fumble your attack.
The helpless orc warrior fails to defend itself.
You punch the orc warrior!
You kill the orc warrior!
You hear a splash. x2
Unknown command.
The orc is no longer paralysed.
The orc warrior is no longer paralysed.
The orc hits you from afar with a +0 spear.
The orc warrior completely misses you.
The orc hits you from afar with a +0 spear.
The orc warrior hits you with a +0 trident!
* * * LOW HITPOINT WARNING * * *
You hit the orc warrior.
The orc warrior begins to glow.
The orc warrior is lightly wounded.
The orc closely misses you.
The orc warrior hits you with a +0 trident!
You die...

#.~.#
#.~.##
.~..##
.~~..##
##.~~..#
#∩.~~..#
#.o~..# .#
#)~..##.$.
#.~B##.$$$
#.)o######
#.~.......
#.~~~~~~~~
#)........
##..######
#..##
##..#
#∩∩##


You could see an orc warrior (contam) and an orc.

Vanquished Creatures
  Pikel (D:6)
  Sigmund (D:5)
  A steam dragon (D:6)
  Edmund (D:5)
  An orc warrior (Bailey)
  An ice beast (D:3)
  A black bear (D:5)
  An ogre (D:6)
  2 lemures (D:6)
  A phantom (D:6)
  A scorpion (D:6)
  A bullfrog (D:3)
  2 jellies (D:4)
  4 hounds
  A gnoll bouda (D:7)
  A sleepcap (D:6)
  An orc priest (D:5)
  Ijyb (D:5)
  Crazy Yiuf (D:5)
  4 iguanas
  2 orc wizards
  Robin (D:2)
  5 gnolls (D:7)
  7 adders
  3 shadow imps
  2 white imps (D:5)
  An ufetubus (D:6)
  2 worms
  5 dart slugs
  14 orcs
  6 ball pythons
  4 bats
  3 endoplasms
  2 giant cockroaches (D:1)
  18 goblins
  7 hobgoblins
  15 jackals
  8 quokkas
  4 frilled lizards
  6 kobolds
  4 rats
147 creatures vanquished.

Notes
Turn   | Place    | Note
-------+----------+-------------------------------------------
     0 | D:1      | innerfire43 the Gnoll Shapeshifter began the quest for the
                  | Orb.
     0 | D:1      | Reached XP level 1. HP: 17/17 MP: 1/1
    75 | D:2      | Reached XP level 2. HP: 7/23 MP: 2/2
   256 | D:1      | Reached XP level 3. HP: 16/28 MP: 3/3
   521 | D:1      | Found Onoqawk's Magic Scroll Emporium.
   812 | D:2      | Reached skill level 1 in Invocations
  1026 | D:2      | Noticed Robin
  1037 | D:2      | Reached skill level 1 in Short Blades
  1037 | D:2      | Reached skill level 1 in Long Blades
  1037 | D:2      | Reached skill level 1 in Axes
  1037 | D:2      | Reached skill level 1 in Maces & Flails
  1037 | D:2      | Reached skill level 1 in Polearms
  1037 | D:2      | Reached skill level 1 in Staves
  1037 | D:2      | Reached skill level 1 in Ranged Weapons
  1037 | D:2      | Reached skill level 1 in Throwing
  1037 | D:2      | Reached skill level 1 in Armour
  1037 | D:2      | Reached skill level 1 in Stealth
  1037 | D:2      | Reached skill level 1 in Shields
  1037 | D:2      | Reached skill level 1 in Spellcasting
  1037 | D:2      | Reached skill level 1 in Evocations
  1042 | D:3      | Reached XP level 4. HP: 26/34 MP: 5/5
  1177 | D:2      | Killed Robin
  1289 | D:2      | Reached skill level 1 in Conjurations
  1289 | D:2      | Reached skill level 1 in Hexes
  1289 | D:2      | Reached skill level 1 in Summonings
  1289 | D:2      | Reached skill level 1 in Necromancy
  1289 | D:2      | Reached skill level 1 in Translocations
  1289 | D:2      | Reached skill level 1 in Transmutations
  1289 | D:2      | Reached skill level 1 in Fire Magic
  1289 | D:2      | Reached skill level 1 in Ice Magic
  1289 | D:2      | Reached skill level 1 in Air Magic
  1289 | D:2      | Reached skill level 1 in Earth Magic
  1289 | D:2      | Reached skill level 1 in Poison Magic
  2044 | D:3      | Found a stormy altar of Qazlal.
  2044 | D:3      | Found a basalt altar of Yredelemnul.
  2045 | D:3      | Found a hide-covered altar of Uskayaw.
  2048 | D:3      | Noticed an ice beast
  2049 | D:3      | Noticed a bullfrog
  2050 | D:3      | Found a transporter.
  2079 | D:3      | Reached XP level 5. HP: 40/40 MP: 5/7
  2106 | D:3      | Found a shadowy altar of Dithmenos.
  2171 | D:3      | Found a sparkling altar of Nemelex Xobeh.
  2349 | D:3      | Found a glowing golden altar of the Shining One.
  2583 | D:3      | Found a transporter.
  2719 | D:3      | Killed an ice beast
  2720 | D:3      | Reached XP level 6. HP: 40/47 MP: 8/8
  2723 | D:3      | Reached skill level 5 in Dodging
  2894 | D:3      | Became a worshipper of Uskayaw the Reveller
  2922 | D:4      | Reached * piety under Uskayaw
  2929 | D:4      | Reached ** piety under Uskayaw
  2936 | D:4      | Reached *** piety under Uskayaw
  2972 | D:4      | Found Zyerchael's Weapon Shop.
  2986 | D:4      | Learned a level 2 spell: Wereblood
  3110 | D:4      | Reached XP level 7. HP: 44/52 MP: 10/10
  3771 | D:5      | Entered Level 5 of the Dungeon
  3828 | D:5      | Noticed Pikel
  3829 | D:5      | Noticed Ijyb
  3830 | D:5      | Noticed Sigmund
  3890 | D:6      | Killed Pikel
  3890 | D:6      | Reached **** piety under Uskayaw
  3891 | D:6      | Reached XP level 8. HP: 60/60 MP: 10/12
  3905 | D:5      | Killed Ijyb
  3935 | D:5      | Killed Sigmund
  4149 | D:5      | Learned a level 3 spell: Vhi's Electric Charge
  4152 | D:5      | Noticed Edmund
  4166 | D:5      | Killed Edmund
  4447 | D:5      | Found a runed translucent door.
  4448 | D:5      | Noticed Crazy Yiuf
  4549 | D:5      | Killed Crazy Yiuf
  4798 | D:6      | Reached XP level 9. HP: 60/66 MP: 14/14
  5104 | D:6      | Found a staircase to the Ecumenical Temple.
  5682 | D:7      | Reached ***** piety under Uskayaw
  5976 | D:7      | Reached skill level 5 in Fighting
  6026 | D:7      | Found a flagged portal.
  6040 | Bailey   | Entered a bailey
  6066 | Bailey   | HP: 3/68 [orc warrior/+0 trident (7)]
  6074 | Bailey   | Slain by an orc warrior

Illustrated notes

Levels and vault maps discovered:
D:1:      spicycebolla_green_bress_n_ham_2, layout_rooms, serial_shops, shop,
          minmay_misc_feat_hallway
D:2:      layout_basic, uniq_robin
D:3:      minmay_evil_eye, layout_basic,
          mainiacjoe_overflow_concentric_impassable, lemuel_tele_altar,
          gammafunk_temple_overflow_arena, nemelex_altar_shiori,
          kennysheep_generic_room_6
D:4:      layout_gridville, serial_shops, nicolae_shop_bloodbath_and_beyond,
          minmay_statues_item
D:5:      layout_rooms, uniq_ijyb, uniq_crazy_yiuf_cottage, uniq_edmund,
          uniq_sigmund, uniq_pikel
D:6:      wad_pebble_path, layout_basic, minmay_temple_entry_fiery
D:7:      layout_gridville, enter_bailey_2, minmay_alternating_orb,
          uniq_prince_ribbit1
Bailey:   bailey_polearm_1, bailey

Skill      XL: |  1  2  3  4  5  6  7  8  9 |
---------------+----------------------------+-----
Invocations    | 1 2 3 4 |  4.6
Short Blades   | 1 2 3 4 |  4.2
Long Blades    | 1 2 3 4 |  4.2
Axes           | 1 2 3 4 |  4.2
Maces & Flails | 1 2 3 4 |  4.2
Polearms       | 1 2 3 4 |  4.2
Staves         | 1 2 3 4 |  4.2
Ranged Weapons | 1 2 3 4 |  4.2
Throwing       | 1 2 3 4 |  4.2
Armour         | 1 2 3 4 |  4.2
Stealth        | 1 2 3 4 |  4.2
Shields        | 1 2 3 4 |  4.2
Spellcasting   | 1 2 3 4 |  4.2
Evocations     | 1 2 3 4 |  4.2
Conjurations   | 1 2 3 |  3.4
Hexes          | 1 2 3 |  3.4
Summonings     | 1 2 3 |  3.4
Necromancy     | 1 2 3 |  3.4
Translocations | 1 2 3 |  3.4
Transmutations | 1 2 3 |  3.4
Fire Magic     | 1 2 3 |  3.4
Ice Magic      | 1 2 3 |  3.4
Air Magic      | 1 2 3 |  3.4
Earth Magic    | 1 2 3 |  3.4
Poison Magic   | 1 2 3 |  3.4
Fighting       | 3 4 5 |  5.0
Dodging        | 5 6 |  6.3
Unarmed Combat | 7 |  7.9
Shapeshifting  | 7 |  7.5

Action                     |  1- 3 |  4- 6 |  7- 9 || total
---------------------------+-------+-------+-------++-------
  Melee: Unarmed           |   103 |   146 |   225 ||   474
         Bite              |     9 |    16 |    35 ||    60
   Cast: Wereblood         |       |       |     5 ||     5
         Vhi's Electric Ch |       |       |     2 ||     2
 Invoke: Stomp             |       |       |     5 ||     5
         Line Pass         |       |       |     1 ||     1
    Use: Potion            |       |       |     3 ||     3
   Stab: Paralysed         |       |     2 |     7 ||     9
 Armour: Animal skin       |    24 |    10 |       ||    34
         Robe              |       |    40 |    63 ||   103
         Skin              |       |       |     4 ||     4
  Dodge: Dodged            |   125 |   132 |   206 ||   463
   Form: Flux              |     1 |       |       ||     1

Table legend: (Time is in decaauts)
 A = Elapsed time spent in this place.
 B = Non-inter-level travel time spent in this place.
 C = Inter-level travel time spent in this place.
 D = Time resting spent in this place.
 E = Time spent auto-exploring this place.
 F = Levels seen in this place.
 G = Mean time per level.
                   A        B        C        D        E       F      G
               +--------+--------+--------+--------+--------+-----+--------+
         Total |   6015 |   5322 |    693 |     21 |   4099 |   8 |  751.9 |
       Dungeon |   5982 |   5289 |    693 |     21 |   4099 |   7 |  854.6 |
        Bailey |     33 |     33 |      0 |      0 |      0 |   1 |   33.0 |
               +--------+--------+--------+--------+--------+-----+--------+

Top non-repeatable levels by time:
     D:2: 1270 daAuts
     D:6: 1056 daAuts
     D:3: 1030 daAuts
     D:4: 846 daAuts
     D:5: 797 daAuts
     D:1: 591 daAuts
     D:7: 390 daAuts
  Bailey: 33 daAuts
